 Dungeon Crawl Stone Soup version 0.18-a0-1800-gdc7a371 (webtiles) character file.

100 MuMo the Ducker (level 4, -10/34 HPs)
             Began as a Demonspawn Gladiator on Apr 25, 2016.
             Killed by divine providence
             ... invoked by an orc priest
              (13 damage)
             ... on level 3 of the Dungeon.
             The game lasted 00:02:02 (2129 turns).

MuMo the Ducker (Demonspawn Gladiator)              Turns: 2129, Time: 00:02:03

Health: -10/34     AC:  9    Str: 16    XL:     4   Next: 46%
Magic:  4/4        EV: 13    Int:  9    God:
Gold:   103        SH:  0    Dex: 14    Spells: 0 memorised, 3 levels left

rFire  + . .     SeeInvis .     a - +0 long sword
rCold  . . .     Gourm    .     b - +0 leather armour
rNeg   . . .     Faith    .     (no shield)
rPois  .         Spirit   .     c - +0 helmet
rElec  .         Dismiss  .     j - +2 cloak
rCorr  .         Reflect  .     e - +0 pair of gloves
SustAt .         Harm     .     (no boots)
MR     .....                    (no amulet)
Stlth  +.........               (no ring)
                                (no ring)

@: flying, not resistant to hostile enchantments, very unstealthy
A: molten scales 1, fire resistance 1, mutation resistance 1
a: no special abilities


You were on level 3 of the Dungeon.
You were very hungry.

You visited 1 branch of the dungeon, and saw 3 of its levels.

You collected 103 gold pieces.

Inventory:

Hand Weapons
 a - a +0 long sword (weapon)
Missiles
 d - 4 throwing nets (quivered)
Armour
 b - a +0 leather armour (worn)
 c - a +0 helmet (worn)
 e - a +0 pair of gloves (worn)
 j - a +2 cloak (worn)
Scrolls
 g - 4 scrolls of identify {unknown}
 i - a scroll of teleportation {unknown}
 m - a scroll of amnesia {unknown}
 n - 2 scrolls of enchant armour {unknown}
 o - 2 scrolls of recharging {unknown}
 p - a scroll of magic mapping {unknown}
 r - a scroll of remove curse {unknown}
Comestibles
 f - 2 bread rations
 h - 3 meat rations
 l - 12 fruits
 q - a beef jerky


   Skills:
 + Level 2.8 Fighting
 + Level 3.2 Long Blades
 + Level 2.0 Throwing
 + Level 1.3 Armour
 + Level 3.4 Dodging
 + Level 0.4 Stealth


You had 3 spell levels left.
You didn't know any spells.

Dungeon Overview and Level Annotations

Branches:
Dungeon (3/15)

Altars:
Yredelemnul


Innate Abilities, Weirdness & Mutations

You are partially covered in molten scales (AC +1).
Your flesh is heat resistant.
You are somewhat resistant to further mutation.


Message History

You feel very buoyant.
You fly up into the air.
The orc priest hits you but does no damage.
The orc barely misses you. The hobgoblin misses you.
You closely miss the orc priest. The orc priest misses you.
The orc hits you but does no damage.
The hobgoblin hits you but does no damage.
You hit the orc priest.
The orc priest is lightly wounded.
The orc closely misses you.
The orc priest hits you but does no damage.
The orc hits you with a club.
* * * LOW HITPOINT WARNING * * *
The hobgoblin hits you but does no damage.
The orc hits you but does no damage.
You slash the orc priest!
The orc priest is almost dead.
The orc priest invokes the aid of Beogh against you.
Beogh smites you!
You die...

.... #. .....
...$##.##...%.. ##
.........[...... #.
.................. ..
........#...#.....
.....>.r...:.. #.#
......ooo#..# #.#
#g@(#..## #.#######
###.....# #..).....
#####.###.###........
#.....# #.......#####
#.###.###.###....####
#.#.###.....###.....#..
#....(....####........#
#.....................#
#....###.######........#


You could see an orc priest, 2 orcs, a hobgoblin and a rat.

Vanquished Creatures
  6 adders (D:2)
  A dart slug (D:2)
  A giant gecko (D:3)
  An orc (D:3)
  A ball python (D:3)
  3 bats
  7 goblins
  8 hobgoblins
  5 kobolds
  A quokka (D:2)
  4 giant newts
  4 rats
42 creatures vanquished.

Notes
Turn   | Place    | Note
--------------------------------------------------------------
     0 | D:1      | MuMo the Demonspawn Gladiator began the quest for the Orb.
     0 | D:1      | Reached XP level 1. HP: 16/16 MP: 1/1
   503 | D:1      | Gained mutation: You are partially covered in molten scales (AC +1). [demonic ancestry]
   503 | D:1      | Reached XP level 2. HP: 22/22 MP: 2/2
  1228 | D:2      | Reached XP level 3. HP: 7/28 MP: 3/3
  1564 | D:2      | Found a basalt altar of Yredelemnul.
  1602 | D:2      | Gained mutation: You are somewhat resistant to further mutation. [potion of beneficial mutation]
  1610 | D:2      | Reached skill level 1 in Armour
  1712 | D:2      | Gained mutation: Your flesh is heat resistant. [demonic ancestry]
  1712 | D:2      | Reached XP level 4. HP: 29/34 MP: 4/4
  2129 | D:3      | Killed from afar by an orc priest

Vault maps used:
D:1:      dpeg_arrival_oval
D:2:      lemuel_doored_altar, nicolae_underground_beach
D:3:      uniq_jessica

Skill      XL: |  1  2  3 |
---------------+----------+-----
Throwing       | 2 |  2.0
Long Blades    | 3 |  3.2
Dodging        | 3 |  3.4
Armour         | 1 |  1.3
Fighting       | |  2.8
Stealth        | |  0.4

Action                   |  1- 3 |  4- 6 || total
-------------------------+-------+-------++-------
Melee: Long sword        |   103 |    47 ||   150
  Use: Potion            |     5 |     1 ||     6
 Stab: Sleeping          |     1 |     1 ||     2
  Eat: Chunk             |     3 |       ||     3
Armor: Leather armour    |    29 |    15 ||    44
Dodge: Dodged            |    76 |    46 ||   122
